 Dungeon Crawl Stone Soup version 0.28-a0-1117-g0bdd5ba030 (webtiles) character file.

Game seed: 14905341792721607565

101 anonymouscript the Vexing (level 4, -3/34 HPs)
             Began as a Gnoll Arcane Marksman on Dec 11, 2021.
             Slain by Prince Ribbit (10 damage)
             ... on level 5 of the Dungeon.
             The game lasted 00:09:43 (1712 turns).

anonymouscript the Vexing (Gnoll Arcane Marksman)   Turns: 1712, Time: 00:09:43

Health: -3/34      AC:  2    Str:  9    XL:     4   Next: 75%
Magic:  8/8        EV: 14    Int: 13    God:
Gold:   42         SH:  0    Dex: 14    Spells: 2/9 levels left

rFire   . . .      SeeInvis .   a - +1 hand crossbow
rCold   . . .      Faith    .   (no shield)
rNeg    . . .      Spirit   .   d - +0 robe
rPois   .          Reflect  .   (no helmet)
rElec   .          Harm     .   (no cloak)
rCorr   .          Rampage  .   (no gloves)
Will    .....                   (no boots)
Stlth   ++........              (no amulet)
HPRegen 0.11/turn               (no ring)
MPRegen 0.11/turn               (no ring)

@: no status effects
A: fangs 1, strong nose, distributed training
a: no special abilities


You were on level 5 of the Dungeon.
You visited 1 branch of the dungeon, and saw 4 of its levels.

You collected 42 gold pieces.

Inventory:

Hand Weapons
 a - a +1 hand crossbow (weapon)
 b - a +0 hunting sling
 e - a +0 hand axe
Missiles
 c - 10 bolts (quivered ammo)
 i - 35 arrows
Armour
 d - a +0 robe (worn)
Wands
 m - a wand of paralysis (5)
Scrolls
 f - a scroll of identify {unknown}
 g - a scroll of fog {unknown}
 h - a scroll of enchant armour {unknown}
 l - a scroll of teleportation {unknown}
 n - a scroll of fear {unknown}
Potions
 k - a potion of flight {unknown}


   Skills:
 + Level 2.8 Fighting
 + Level 1.2 Short Blades
 + Level 1.2 Long Blades
 + Level 1.2 Axes
 + Level 1.2 Maces & Flails
 + Level 1.2 Polearms
 + Level 1.2 Staves
 + Level 1.2 Slings
 + Level 1.2 Bows
 + Level 4.7 Crossbows
 + Level 1.2 Throwing
 + Level 1.2 Armour
 + Level 4.7 Dodging
 + Level 1.2 Stealth
 + Level 1.2 Shields
 + Level 1.2 Unarmed Combat
 + Level 3.0 Spellcasting
 + Level 1.0 Conjurations
 + Level 5.5 Hexes
 + Level 1.0 Summonings
 + Level 1.0 Necromancy
 + Level 1.0 Translocations
 + Level 1.0 Transmutations
 + Level 1.0 Fire Magic
 + Level 1.0 Ice Magic
 + Level 1.0 Air Magic
 + Level 1.0 Earth Magic
 + Level 1.0 Poison Magic
 + Level 1.3 Invocations
 + Level 1.2 Evocations


You had 2 spell levels left.
You knew the following spells:

 Your Spells              Type           Power      Damage    Failure   Level
a - Slow                  Hex            64%        N/A       2%          1
b - Portal Projectile     Hex/Tloc       20%        N/A       19%         3
c - Inner Flame           Hex/Fire       10%        N/A       19%         3

Your spell library contained the following spells:

 Spells                   Type           Power      Damage    Failure   Level
 Cause Fear               Hex            8%         N/A       24%         4


Dungeon Overview and Level Annotations

Branches:
Dungeon (3/15)

Altars:

Annotations:
D:5 Prince Ribbit


Innate Abilities, Weirdness & Mutations

You have very sharp teeth.
Your uncanny sense of smell can sniff out nearby items.
Your experience applies equally to all skills.


Message History

Casting: Slow (safe; 2% risk of failure)
Confirm with . or Enter, or press ? or * to list all spells.
The spell is quite dangerous to miscast (19% risk of failure)!
Continue anyway?
Okay, then.
Casting: Portal Projectile (quite dangerous; 19% risk of failure)
Confirm with . or Enter, or press ? or * to list all spells.
The spell is quite dangerous to miscast (19% risk of failure)!
Continue anyway?
Okay, then.
Prince Ribbit croaks regally.
You see here 2 bolts.
c - 6 bolts (gained 2) Prince Ribbit croaks regally.
Aiming: Paralyse
Press: ? - help, Shift-Dir - straight line, f/p - Prince Ribbit
Aim: Prince Ribbit (chance to affect: 32%) Prince Ribbit easily resists.
Prince Ribbit hits you!
Ouch! That really hurt!
* * * LOW HITPOINT WARNING * * *
Prince Ribbit hits you but does no damage.
Prince Ribbit lets out a mournful croak.
Prince Ribbit blinks!
As you read the scroll labelled TULONYCVUKAL, it crumbles to dust.
It is a scroll of enchant weapon.
Your +0 hand crossbow glows red for a moment.
Unknown command.
Prince Ribbit blinks!
You see here 4 bolts.
c - 10 bolts (gained 4)
Aiming: Paralyse
Press: ? - help, Shift-Dir - straight line, f/p - Prince Ribbit
Aim: Prince Ribbit (chance to affect: 32%) Prince Ribbit easily resists.
Prince Ribbit blinks!
Prince Ribbit hits you.
* * * LOW HITPOINT WARNING * * *
You see here a bolt.
Fire: 10 bolts
Press: ? - help, Shift-Dir - straight line, f/p - Prince Ribbit
Aim: Prince Ribbit (48% to hit)
Prince Ribbit hits you!
You die...

...............
...........#..#
...........##.#
..............###
..............#.#
......(..(.....##
..............##
......(F..#..##
.......@###.##
........# ###
.........
.....#.... ∆
....##.#### ....
#. ... #. .. ..


You could see Prince Ribbit.

Vanquished Creatures
  A water moccasin skeleton (D:2)
  3 adders
  A howler monkey skeleton (D:5)
  7 endoplasms
  A giant cockroach (D:2)
  A goblin (D:3)
  2 quokkas
  2 ball pythons
  A bat (D:3)
  2 rats
21 creatures vanquished.

Notes
Turn   | Place    | Note
-------+----------+-------------------------------------------
     0 | D:1      | anonymouscript the Gnoll Arcane Marksman began the quest
                  | for the Orb.
     0 | D:1      | Reached XP level 1. HP: 17/17 MP: 4/4
    88 | D:2      | Reached XP level 2. HP: 19/23 MP: 5/5
   243 | D:2      | Reached XP level 3. HP: 20/28 MP: 7/7
   260 | D:2      | Learned a level 3 spell: Portal Projectile
   264 | D:2      | Learned a level 3 spell: Inner Flame
   482 | D:2      | Reached skill level 1 in Short Blades
   482 | D:2      | Reached skill level 1 in Long Blades
   482 | D:2      | Reached skill level 1 in Axes
   482 | D:2      | Reached skill level 1 in Maces & Flails
   482 | D:2      | Reached skill level 1 in Polearms
   482 | D:2      | Reached skill level 1 in Staves
   482 | D:2      | Reached skill level 1 in Slings
   482 | D:2      | Reached skill level 1 in Bows
   482 | D:2      | Reached skill level 1 in Throwing
   482 | D:2      | Reached skill level 1 in Armour
   482 | D:2      | Reached skill level 1 in Stealth
   482 | D:2      | Reached skill level 1 in Shields
   482 | D:2      | Reached skill level 1 in Unarmed Combat
   482 | D:2      | Reached skill level 1 in Invocations
   482 | D:2      | Reached skill level 1 in Evocations
   482 | D:2      | Reached XP level 4. HP: 9/34 MP: 6/8
  1672 | D:3      | You fall into a shaft and drop 2 floors!
  1672 | D:5      | Entered Level 5 of the Dungeon
  1672 | D:5      | Noticed Prince Ribbit
  1684 | D:5      | Reached skill level 1 in Conjurations
  1684 | D:5      | Reached skill level 1 in Summonings
  1684 | D:5      | Reached skill level 1 in Necromancy
  1684 | D:5      | Reached skill level 1 in Translocations
  1684 | D:5      | Reached skill level 1 in Transmutations
  1684 | D:5      | Reached skill level 1 in Fire Magic
  1684 | D:5      | Reached skill level 1 in Ice Magic
  1684 | D:5      | Reached skill level 1 in Air Magic
  1684 | D:5      | Reached skill level 1 in Earth Magic
  1684 | D:5      | Reached skill level 1 in Poison Magic
  1712 | D:5      | Slain by Prince Ribbit

Illustrated notes

Levels and vault maps discovered:
D:1:      minmay_arrival_wavy_path, layout_basic,
          hellmonk_ecumenical_altar_zigzags
D:2:      layout_loops_ring
D:3:      layout_basic, chequers_temple_overflow_minitemple
D:5:      layout_cave_pools, minmay_temple_entry_nine_rooms, enter_ossuary_2,
          dk_noncrumbling_3, uniq_crazy_yiuf_cottage, uniq_prince_ribbit1

Skill      XL: |  1  2  3  4 |
---------------+-------------+-----
Short Blades   | 1 |  1.2
Long Blades    | 1 |  1.2
Axes           | 1 |  1.2
Maces & Flails | 1 |  1.2
Polearms       | 1 |  1.2
Staves         | 1 |  1.2
Slings         | 1 |  1.2
Bows           | 1 |  1.2
Throwing       | 1 |  1.2
Armour         | 1 |  1.2
Stealth        | 1 |  1.2
Shields        | 1 |  1.2
Unarmed Combat | 1 |  1.2
Invocations    | 1 |  1.3
Evocations     | 1 |  1.2
Spellcasting   | 3 |  3.0
Conjurations   | 1 |  1.0
Summonings     | 1 |  1.0
Necromancy     | 1 |  1.0
Translocations | 1 |  1.0
Transmutations | 1 |  1.0
Fire Magic     | 1 |  1.0
Ice Magic      | 1 |  1.0
Air Magic      | 1 |  1.0
Earth Magic    | 1 |  1.0
Poison Magic   | 1 |  1.0
Fighting       | |  2.8
Crossbows      | |  4.7
Dodging        | |  4.7
Hexes          | |  5.5

Action                   |  1- 3 |  4- 6 || total
-------------------------+-------+-------++-------
Melee: Hand axe          |       |     4 ||     4
 Fire: Hand crossbow     |    24 |    44 ||    68
 Cast: Slow              |     1 |    10 ||    11
Evoke: Wand              |       |     8 ||     8
  Use: Scroll            |       |     1 ||     1
Armor: Robe              |     1 |     3 ||     4
Dodge: Dodged            |     5 |    22 ||    27

Table legend: (Time is in decaauts)
 A = Elapsed time spent in this place.
 B = Non-inter-level travel time spent in this place.
 C = Inter-level travel time spent in this place.
 D = Time resting spent in this place.
 E = Time spent auto-exploring this place.
 F = Levels seen in this place.
 G = Mean time per level.
                   A        B        C        D        E       F      G
               +--------+--------+--------+--------+--------+-----+--------+
         Total |   1730 |   1698 |     32 |    213 |   1115 |   4 |  432.5 |
       Dungeon |   1730 |   1698 |     32 |    213 |   1115 |   4 |  432.5 |
               +--------+--------+--------+--------+--------+-----+--------+

Top non-repeatable levels by time:
     D:2: 1104 daAuts
     D:3: 503 daAuts
     D:1: 80 daAuts
     D:5: 42 daAuts
